 Dungeon Crawl Stone Soup version 0.30.1 (webtiles) character file.

Game seed: 3015489807775533460

35 spardeous the Ducker (level 3, -1/14 HPs)
             Began as a Felid Earth Elementalist on July 8, 2023.
             Slain by a gnoll bouda
             ... wielding a +0 club
              (8 damage)
             ... on level 3 of the Dungeon.
             The game lasted 00:02:03 (922 turns).

spardeous the Ducker (Felid Earth Elementalist)      Turns: 922, Time: 00:02:03

Health: -1/14      AC:  1    Str:  4    XL:     3   Next: 16%
Magic:  0/7        EV: 18    Int: 18    God:
Gold:   85         SH:  0    Dex: 16    Spells: 5/6 levels left
                                        Lives:  0   Deaths: 0

rFire   . . .        (weapon unavailable)
rCold   . . .        (shield unavailable)
rNeg    + . .        (body armour unavailable)
rPois   .            (helmet unavailable)
rElec   .            (cloak unavailable)
rCorr   .            (gloves unavailable)
SInv    +            (boots unavailable)
Will    .....        (no amulet)
Stlth   ++           j - ring of positive energy
HPRegen 0.22/turn    (no ring)
MPRegen 0.10/turn

%: no passive effects
@: weakened, quick
A: very small, claws 1, fangs 3, see invisible, speed 1, shaggy fur 1, stealthy
paws, no weapons or thrown items, no armour, multi-lived
a: no special abilities


You were on level 3 of the Dungeon.
You visited 1 branch of the dungeon, and saw 4 of its levels.

You collected 85 gold pieces.

Inventory:

Jewellery
 j - a ring of positive energy (left paw)
Scrolls
 d - 3 scrolls of identify {unknown}
 e - a scroll of immolation {unknown}
 f - a scroll of silence {unknown}
 h - a scroll of enchant armour {unknown}
 k - a scroll of teleportation {unknown}
Potions
 a - a potion of magic
 b - a potion of heal wounds {unknown}
 c - a potion of degeneration {unknown}
 g - a potion of flight {unknown}
 i - a potion of lignification {unknown}


   Skills:
 + Level 3.9 Dodging
 - Level 2.6 Stealth
 - Level 2.0 Spellcasting
 - Level 1.1 Transmutations
 + Level 3.3 Earth Magic


You had 5 spell levels left.
You knew the following spells:

 Your Spells              Type           Power      Damage    Failure   Level
a - Sandblast             Erth           26%        2d8       4%          1

Your spell library contained the following spells:

 Spells                   Type           Power      Damage    Failure   Level
 Passwall                 Tmut/Erth      7%         N/A       11%         2
 Magic Dart               Conj           4%         1d3       19%         1
 Poisonous Vapours        Pois/Air       2%         N/A       26%         2
 Searing Ray              Conj           2%         2d4       26%         2
 Stone Arrow              Conj/Erth      14%        3d7       26%         3
 Mephitic Cloud           Conj/Pois/Air  1%         N/A       47%         3
 Ozocubu's Armour         Ice            1%         N/A       47%         3
 Petrify                  Tmut/Erth      9%         N/A       58%         4
 Fulminant Prism          Conj/Hex       0%         3d5       87%         4
 Freezing Cloud           Conj/Ice/Air   0%         6-21      99%         5
 Ozocubu's Refrigeration  Ice            0%         4d7       100%        7


Dungeon Overview and Level Annotations

Branches:
Dungeon (4/15)
 Temple: D:4-7

Altars:
Makhleb
Xom


Innate Abilities, Weirdness & Mutations

You have sharp claws.
You have razor-sharp teeth.
You have supernaturally acute eyesight. (SInv)
You cover ground quickly. (Speed+)
You are covered in fur. (AC +1)
Your paws help you pounce on unaware monsters.
You are incapable of wielding weapons or throwing items.
You cannot wear armour.
You gain extra lives every three experience levels.


Message History

Confirm with . or Enter, or press ? or * to list all spells.
Aiming: Sandblast (safe; 4% risk of failure)
Press: ? - help, Shift-Dir - straight line, f/p - gnoll bouda
Aim: a gnoll bouda, wielding a +0 club and wearing a +0 leather armour (moderately wounded, 84% to hit)
The blast of sand hits the gnoll bouda but does no damage.
The gnoll bouda is moderately wounded.
Casting: Sandblast (safe; 4% risk of failure)
Confirm with . or Enter, or press ? or * to list all spells.
Aiming: Sandblast (safe; 4% risk of failure)
Press: ? - help, Shift-Dir - straight line, f/p - gnoll bouda
Aim: a gnoll bouda, wielding a +0 club and wearing a +0 leather armour (moderately wounded, 84% to hit)
The blast of sand hits the gnoll bouda.
The gnoll bouda is heavily wounded.
The gnoll bouda gazes fiercely through you!
You feel your attacks grow feeble.
A gnoll comes into view. It is wielding a +0 halberd.
The gnoll shouts!
There is a stone staircase leading up here.
The gnoll bouda barks out a call to the hunt!
The gnoll picks up the pace!
Your attacks no longer feel as feeble.
The gnoll bouda closely misses you.
You climb upwards.
Found a fuming grey potion.
There is a stone staircase leading down here.
The endoplasm quivers.
The gnoll bouda gazes fiercely through you!
You feel your attacks grow feeble.
The gnoll bouda hits you with a +0 club!
Ouch! That really hurt!
Casting: Sandblast (safe; 4% risk of failure)
Confirm with . or Enter, or press ? or * to list all spells.
Aiming: Sandblast (safe; 4% risk of failure)
Press: ? - help, Shift-Dir - straight line, f - gnoll bouda
Aim: a gnoll bouda, wielding a +0 club and wearing a +0 leather armour (heavily wounded, 84% to hit)
The blast of sand hits the gnoll bouda.
The gnoll bouda is severely wounded.
The gnoll bouda hits you with a +0 club!
Ouch! That really hurt!
You die...

## . .
.J#.
.....
.....##
##.!.##
#.b..b#
#####g#
#@# ###


You could see a gnoll bouda and a bat.

Vanquished Creatures
  A gnoll (D:4)
  A worm (D:2)
  An orc (D:3)
  A bat (D:3)
  2 endoplasms (D:1)
  A giant cockroach (D:4)
  3 goblins
  2 hobgoblins
  A quokka (D:1)
  3 ball pythons
  3 kobolds
19 creatures vanquished.

Notes
Turn   | Place    | Note
-------+----------+-------------------------------------------
     0 | D:1      | spardeous the Felid Earth Elementalist began the quest for
                  | the Orb.
     0 | D:1      | Reached XP level 1. HP: 7/7 MP: 4/4
   107 | D:1      | Found a faded altar of an unknown god.
   175 | D:2      | Found a burning altar of Makhleb.
   249 | D:2      | Reached XP level 2. HP: 11/11 MP: 4/6
   659 | D:3      | Found a shimmering altar of Xom.
   898 | D:4      | Reached XP level 3. HP: 14/14 MP: 3/7
   922 | D:3      | Slain by a gnoll bouda

Illustrated notes

Levels and vault maps discovered:
D:1:      scummos_arrival_simple_fountains, layout_basic,
          serial_co_window_serial, co_window_paths_a, co_window_paths_a,
          co_window_of_opportunity_a, co_window_paths_a, co_window_corner_a,
          co_window_corner_cb, co_window_broadway_b, co_window_corner_b,
          co_window_2corner, glass_columns_a,
          hellmonk_ecumenical_altar_heavens_door, minmay_close_crescents
D:2:      layout_basic, basic_altar, serial_shops, shop, minivault_23
D:3:      layout_basic, mainiacjoe_overflow_boulevard, uniq_ijyb
D:4:      layout_basic, mainiacjoe_overflow_surrounded_room,
          kennysheep_mini_moat, mainiacjoe_overflow_divided_tiny,
          minmay_temple_entry_statues_fountains

Skill      XL: |  1 |
---------------+----+-----
Dodging        | 3 |  3.9
Earth Magic    | 3 |  3.3
Stealth        | |  2.6
Spellcasting   | |  2.0
Transmutations | |  1.1

Action                     || total
---------------------------++-------
  Melee: Unarmed           ||     1
   Cast: Sandblast         ||    36
 Armour: Skin              ||     1
  Dodge: Dodged            ||     5
